 Dungeon Crawl Stone Soup version 0.21.1-1-g345015fe64 (webtiles) character file.

10959 Foic the Cleaver (level 11, 0/106 HPs)
             Began as a Minotaur Fighter on June 15, 2018.
             Was an Initiate of Gozag.
             Slain by a 14-headed hydra (2 damage)
             ... on level 1 of the Lair of Beasts.
             The game lasted 00:55:00 (10600 turns).

Foic the Cleaver (Minotaur Fighter)                Turns: 10600, Time: 00:55:00

Health: 0/106      AC: 15    Str: 25    XL:     11   Next: 43%
Magic:  0/10       EV:  9    Int:  8    God:    Gozag
Gold:   1483       SH: 12    Dex: 11    Spells: 10/10 levels left

rFire    + + .     SeeInvis .   T - +3 war axe (distort)
rCold    . . .     Gourm    .   c - +0 shield
rNeg     . . .     Faith    .   P - +1 chain mail {rF+}
rPois    .         Spirit   +   C - +0 hat {Int+3}
rElec    .         Reflect  .   s - +1 cloak
rCorr    .         Harm     .   (no gloves)
MR       +....                  (no boots)
Stlth    ..........             v - amulet of guardian spirit
HPRegen  0.67/turn              L - ring of protection from fire
MPRegen  0.12/turn              A - ring of protection from magic

@: no status effects
A: retaliatory headbutt, horns 2, regeneration 1, robust 1, screaming 1, strong
1
a: Potion Petition, Call Merchant, Bribe Branch, Renounce Religion


You were on level 1 of the Lair of Beasts.
You worshipped Gozag.
Gozag was most pleased with you.
You were not hungry.

You visited 3 branches of the dungeon, and saw 12 of its levels.
You also visited: Sewer.

You collected 1775 gold pieces.
You spent 240 gold pieces at shops.
You paid 52 gold pieces to Gozag.

Inventory:

Hand Weapons
 a - a +0 war axe
 r - a +3 quarterstaff of chaos
 T - a +3 war axe of distortion (weapon)
Missiles
 b - 313 stones
 t - 11 tomahawks (quivered)
Armour
 c - a +0 shield (worn)
 k - a +0 scale mail of cold resistance
 m - a +0 large shield
 s - a +1 cloak (worn)
 C - a +0 hat of intelligence (worn)
 J - a +0 plate armour
 P - a +1 chain mail of fire resistance (worn)
 S - a +4 scale mail
Jewellery
 h - an uncursed amulet of the gourmand
 j - an uncursed ring of protection from cold
 v - an amulet of guardian spirit (around neck)
 A - a ring of protection from magic (right hand)
 B - a +2 ring of intelligence
 F - an uncursed amulet of magic regeneration
 G - an uncursed ring of wizardry
 I - an uncursed ring of see invisible
 K - an uncursed ring of wizardry
 L - a ring of protection from fire (left hand)
Wands
 x - a wand of polymorph (25)
 M - a wand of digging (53)
 N - a wand of iceblast (4)
Scrolls
 e - a scroll of enchant armour
 g - 2 scrolls of blinking
 i - 3 scrolls of enchant weapon
 n - 2 scrolls of identify
 o - 6 scrolls of teleportation
 p - 6 scrolls of remove curse
 q - 2 scrolls of fog
 y - a scroll of magic mapping
 Q - a scroll of fear
Potions
 d - 2 potions of might
 l - 4 potions of curing
 z - 3 potions of ambrosia
 D - 4 potions of flight
 E - a potion of heal wounds
 H - a potion of brilliance
 O - a potion of magic
 R - a potion of haste
Books
 u - a book of Cantrips

   Spells                             Type                      Level
   a - Confusing Touch                Hexes                        1
   b - Animate Skeleton               Necromancy                   1
   c - Summon Small Mammal            Summoning                    1
   d - Apportation                    Translocation                1
 w - a book of Air

   Spells                             Type                      Level
   a - Shock                          Conjuration/Air              1
   b - Swiftness                      Charms/Air                   2
   c - Static Discharge               Conjuration/Air              3
   d - Airstrike                      Air                          4
   e - Lightning Bolt                 Conjuration/Air              5
Comestibles
 f - 15 rations


   Skills:
 + Level 9.1 Fighting
 + Level 13.4 Axes
 + Level 10.4 Armour
 + Level 4.4 Dodging
 + Level 10.4 Shields


You had 10 spell levels left.
You didn't know any spells.

Dungeon Overview and Level Annotations

Branches:
Dungeon (10/15)            Temple (1/1) D:4            Lair (1/6) D:10
    Orc: D:9-12

Altars:
Ashenzari
Cheibriados
Dithmenos
Elyvilon
Fedhas
Gozag
Hepliaklqana
Kikubaaqudgha
Makhleb
Nemelex Xobeh
Okawaru
Qazlal
Ru
Sif Muna
Trog
Uskayaw
Vehumet
Wu Jian
Xom
Yredelemnul
Zin
The Shining One

Shops:
D:6 %


Innate Abilities, Weirdness & Mutations

You reflexively headbutt those who attack you in melee.
You have a pair of horns on your head.
Your natural rate of healing is unusually fast.
You are robust. (+10% HP)
You occasionally shout uncontrollably at your foes.
Your muscles are strong. (Str +2)


Message History

The 13-headed hydra bites you but does no damage.
The 13-headed hydra bites you! The 13-headed hydra bites you. x2
The 13-headed hydra bites you but does no damage.
The 13-headed hydra bites you! x2
* * * LOW HITPOINT WARNING * * *
The 13-headed hydra bites you but does no damage.
You block the 13-headed hydra's attack. The 13-headed hydra bites you.
* * * LOW HITPOINT WARNING * * *
The 13-headed hydra bites you!
* * * LOW HITPOINT WARNING * * *
You lop one of the 13-headed hydra's heads off!
The 12-headed hydra grows two more!
You hit the 14-headed hydra.
Space warps horribly around the 14-headed hydra!
Your headbutt misses the 14-headed hydra.
The 14-headed hydra is moderately wounded.
The 14-headed hydra bites you!
* * * LOW HITPOINT WARNING * * *
You block the 14-headed hydra's attack. The 14-headed hydra bites you.
You die...
Your body crumbles into a pile of gold.

......................>..........
.##...........................##.
..#.................#.#.#.....##'
....##.#.#.#......#...........##.
..PP###.#J.##.....#.......#...##.
....##.....#......#...........#..
..#..#.....##.....#...........#P.
..#.##.....P#.....#.......#...##.
..#..#####.##.J.@.#..............
....#.##.#.##..D..............#.#
##................##.######....#.
................J...... .........
.................................
...................... ..........
...................### #####....
...................# #....
...................# #....


You could see a 14-headed hydra and 2 oozes.

Vanquished Creatures
  Gastronok (Lair:1)
  A two-headed ogre (D:7)
  Nergalle (Lair:1)
  An oklob plant (Lair:1)
  A gargoyle (D:10)
  A troll (D:10)
  Prince Ribbit (D:6)
  A wyvern (D:8)
  6 yaks
  Eustachio (D:5)
  3 hogs (D:7)
  A hungry ghost (D:7)
  A human (D:7)
  Grum (D:9)
  Edmund (D:5)
  4 water moccasins
  An orc warrior (D:9)
  An ice beast (D:7)
  A sky beast (D:9)
  4 ogres
  2 phantoms
  6 wolves (D:9)
  4 centaurs
  2 crocodiles (Lair:1)
  A big kobold (Sewer)
  9 bullfrogs
  2 scorpions
  3 killer bees (D:8)
  4 electric eels (D:10)
  A howler monkey (D:5)
  5 crimson imps
  2 centaur zombies
  A quasit (D:7)
  8 hounds
  7 jellies
  2 orc priests (D:10)
  6 orc wizards
  Crazy Yiuf (D:2)
  3 bullfrog skeletons
  2 iguanas (D:4)
  6 worker ants
  A killer bee zombie (D:6)
  Robin (D:3)
  8 gnolls
  3 river rats
  10 adders
  2 shadow imps
  9 oozes
  An adder zombie (D:9)
  2 adder skeletons
  8 worms
  4 dart slugs
  4 leopard geckos
  20 orcs
  2 ball pythons
  2 giant cockroaches
  19 goblins
  8 hobgoblins
  4 jackals
  5 quokkas
  6 bats
  5 frilled lizards
  7 kobolds
  11 rats
  A plant (Lair:1)
253 creatures vanquished.

Vanquished Creatures (others)
  A komodo dragon (Lair:1)
  A yak (Lair:1)
  A jelly (Lair:1)
  An orc (D:10)
  10 fungi (Lair:1)
  3 plants (Lair:1)
17 creatures vanquished.

Grand Total: 270 creatures vanquished

Notes
Turn   | Place    | Note
-------+----------+-------------------------------------------
     0 | D:1      | Foic the Minotaur Fighter began the quest for the Orb.
     0 | D:1      | Reached XP level 1. HP: 19/19 MP: 0/0
   308 | D:1      | Reached XP level 2. HP: 26/26 MP: 1/1
   382 | D:1      | Reached XP level 3. HP: 27/33 MP: 2/2
  1182 | D:2      | Reached skill level 3 in Axes
  1238 | D:2      | Found a faded altar of an unknown god.
  1538 | D:2      | Reached XP level 4. HP: 30/40 MP: 3/3
  1848 | D:2      | Found a runed door.
  2159 | D:2      | Noticed Crazy Yiuf
  2161 | D:2      | Killed Crazy Yiuf
  2161 | D:2      | Reached skill level 1 in Dodging
  2214 | D:2      | Reached skill level 4 in Axes
  2235 | D:3      | Reached XP level 5. HP: 42/46 MP: 4/4
  2468 | D:3      | Noticed Robin
  2475 | D:3      | Killed Robin
  2594 | D:3      | Reached skill level 5 in Shields
  2739 | D:3      | Reached XP level 6. HP: 42/53 MP: 5/5
  2867 | D:3      | Reached skill level 5 in Axes
  3051 | D:4      | Reached skill level 5 in Armour
  3419 | D:4      | Found a staircase to the Ecumenical Temple.
  3430 | Temple   | Entered the Ecumenical Temple
  3445 | Temple   | Became a worshipper of Gozag Ym Sagoz the Greedy
  3863 | D:4      | Reached skill level 6 in Axes
  3863 | D:4      | Reached XP level 7. HP: 60/60 MP: 6/6
  4263 | D:4      | Reached skill level 5 in Fighting
  4324 | D:5      | Entered Level 5 of the Dungeon
  4330 | D:5      | Noticed Edmund
  4349 | D:5      | Killed Edmund
  4349 | D:5      | Reached skill level 7 in Axes
  4461 | D:5      | Noticed Eustachio
  4463 | D:5      | Noticed Prince Ribbit
  4485 | D:5      | Killed Eustachio
  4485 | D:5      | Reached XP level 8. HP: 57/68 MP: 7/7
  4494 | D:5      | HP: 1/68 [Prince Ribbit (10)]
  4561 | D:5      | Found a shattered altar of Ashenzari.
  4712 | D:5      | Reached skill level 8 in Axes
  4741 | D:5      | Found a glowing drain.
  4769 | Sewer    | Entered a sewer
  4933 | Sewer    | Found a white marble altar of Elyvilon.
  5425 | D:6      | Killed Prince Ribbit
  5536 | D:6      | Found a white marble altar of Elyvilon.
  5538 | D:6      | Reached skill level 9 in Axes
  6112 | D:6      | Gained mutation: You are robust. (+10% HP) [potion of mutation]
  6112 | D:6      | Gained mutation: You occasionally shout uncontrollably at your foes. [potion of mutation]
  6112 | D:6      | Gained mutation: Your natural rate of healing is unusually fast. [potion of mutation]
  6112 | D:6      | Gained mutation: Your muscles are strong. (Str +2) [potion of mutation]
  6239 | D:6      | Found Jusus's Food Boutique.
  6244 | D:6      | Bought a ration for 60 gold pieces
  6244 | D:6      | Bought a ration for 60 gold pieces
  6244 | D:6      | Bought a ration for 60 gold pieces
  6244 | D:6      | Bought a ration for 60 gold pieces
  6395 | D:7      | Reached XP level 9. HP: 85/85 MP: 8/8
  6696 | D:7      | Reached skill level 10 in Axes
  6847 | D:7      | Noticed a two-headed ogre
  6863 | D:7      | Killed a two-headed ogre
  7282 | D:8      | Reached XP level 10. HP: 78/94 MP: 7/9
  7563 | D:8      | Reached skill level 11 in Axes
  7982 | D:9      | Noticed Grum
  8005 | D:9      | Killed Grum
  8025 | D:9      | Found a sacrificial altar of Ru.
  8720 | D:10     | Entered Level 10 of the Dungeon
  9177 | D:10     | Noticed a gargoyle
  9179 | D:10     | Reached skill level 12 in Axes
  9186 | D:10     | Killed a gargoyle
  9347 | D:10     | Noticed a fire dragon
  9595 | D:10     | Found a staircase to the Lair.
  9604 | Lair:1   | Entered Level 1 of the Lair of Beasts
  9818 | Lair:1   | Noticed Gastronok
  9841 | Lair:1   | Noticed a six-headed hydra
  9965 | Lair:1   | Killed Gastronok
  9965 | Lair:1   | Reached skill level 10 in Armour
  9965 | Lair:1   | Reached skill level 10 in Shields
  9965 | Lair:1   | Reached XP level 11. HP: 104/104 MP: 10/10
 10007 | Lair:1   | Noticed Nergalle
 10024 | Lair:1   | Killed Nergalle
 10033 | Lair:1   | Reached skill level 13 in Axes
 10353 | Lair:1   | Noticed an oklob plant
 10363 | Lair:1   | Killed an oklob plant
 10600 | Lair:1   | HP: 2/106 [14-headed hydra (9)]
 10600 | Lair:1   | Slain by a 14-headed hydra

Skill      XL: |  1  2  3  4  5  6  7  8  9 10 11 |
---------------+----------------------------------+-----
Shields        | 4 5 6 7 8 10 | 10.4
Armour         | 4 5 6 7 8 10 | 10.4
Axes           | 3 4 6 7 9 10 12 13 | 13.4
Fighting       | 4 5 6 7 8 9 |  9.1
Dodging        | 1 2 3 4 |  4.4

Action                   |  1- 3 |  4- 6 |  7- 9 | 10-12 || total
-------------------------+-------+-------+-------+-------++-------
Melee: War axe           |    68 |   143 |   311 |   322 ||   844
       Headbutt          |    13 |    27 |    62 |    57 ||   159
Throw: Tomahawk          |       |     2 |     9 |     6 ||    17
       Stone             |       |     2 |       |       ||     2
Invok: Potion Petition   |       |       |     1 |       ||     1
  Use: Scroll            |     5 |     1 |     6 |    11 ||    23
       Potion            |     4 |     1 |     8 |     1 ||    14
 Stab: Distracted        |       |       |     3 |     1 ||     4
       Invisible         |       |       |     1 |     1 ||     2
       Paralysed         |       |       |       |     1 ||     1
  Eat: Chunk             |     7 |    11 |       |       ||    18
       Ration            |       |       |     5 |     3 ||     8
Armor: Scale mail        |    20 |    56 |    74 |       ||   150
       Chain mail        |       |       |    32 |   147 ||   179
Dodge: Dodged            |    12 |    47 |    64 |   111 ||   234
Block: Shield            |    26 |    84 |   147 |   222 ||   479
